 Dungeon Crawl Stone Soup version 0.26-a0-812-g31a745ddcd (webtiles) character file.

Game seed: 4122134460501081475

61857 MalarOregon the Arsonist (level 14, -3/127 HPs)
             Began as a Red Draconian Fire Elementalist on Nov 29, 2020.
             Was an Initiate of Gozag.
             Slain by a dire elephant (31 damage)
             ... on level 6 of the Lair of Beasts.
             The game lasted 01:00:41 (30805 turns).

MalarOregon the Arsonist (DrFE)                    Turns: 30805, Time: 01:00:42

Health: -3/127     AC: 17    Str: 15    XL:     14   Next: 62%
Magic:  2/38       EV: 19    Int: 24    God:    Gozag
Gold:   4809       SH:  0    Dex: 13    Spells: 22/35 levels left

rFire    + + .     SeeInvis .   L - +1 trident "Botobae" {venom, +Blink MP+9 Int+4 Dex+2}
rCold    . . .     Faith    .   (no shield)
rNeg     + . .     Spirit   .   (armour unavailable)
rPois    .         Reflect  .   (helmet restricted)
rElec    .         Harm     .   C - +2 cloak
rCorr    .         Rampage  .   I - +2 pair of gloves {Str+3}
MR       +....                  g - +2 pair of boots
Stlth    ++........             F - amulet of the acrobat
HPRegen  0.31/turn              i - ring of protection from fire
MPRegen  0.26/turn              z - ring of positive energy

@: no status effects
A: breathe fire, unfitting armour, fire resistance 1, cold-blooded, AC +8
a: Breathe Fire, Potion Petition, Call Merchant, Bribe Branch, Renounce
Religion, Evoke Blink


You were on level 6 of the Lair of Beasts.
You worshipped Gozag.
Gozag was most pleased with you.
You visited 3 branches of the dungeon, and saw 18 of its levels.
You also visited: Ice Cave.

You collected 5280 gold pieces.
You spent 378 gold pieces at shops.
You paid 93 gold pieces to Gozag.

Inventory:

Hand Weapons
 L - the +1 trident "Botobae" (weapon) {venom, +Blink MP+9 Int+4 Dex+2}
   (You found it on level 6 of the Dungeon)

   It poisons the flesh of those it strikes.
   It affects your intelligence (+4).
   It affects your dexterity (+2).
   It affects your magic capacity (+9).
   It lets you blink.
 Q - the +3 great sword "Zalad" {flame, rC+, unknown}
   (You found it on level 6 of the Lair of Beasts)

   It has been specially enchanted to burn those struck by it, causing extra
   injury to most foes and up to half again as much damage against particularly
   susceptible opponents.
   Big, fiery blades are also staple armaments of hydra-hunters.
   It protects you from cold.
Missiles
 t - 6 throwing nets {!f}
 N - 5 curare-tipped darts (quivered) {!f}
Armour
 g - a +2 pair of boots (worn)
   (You found it on level 2 of the Dungeon)
 C - a +2 cloak (worn)
   (You took it off Crazy Yiuf on level 6 of the Dungeon)
 I - a +2 pair of gloves of strength (worn)
   (You found it in an ice cave)
Magical Staves
 A - an uncursed staff of air
   (You found it on level 6 of the Dungeon)
Jewellery
 e - an uncursed ring of resist corrosion {unknown}
   (You found it on level 6 of the Lair of Beasts)
 i - a ring of protection from fire (left hand)
   (You found it on level 4 of the Dungeon)
 z - a ring of positive energy (right hand)
   (You found it on level 9 of the Dungeon)
 F - an amulet of the acrobat (around neck)
   (You found it on level 9 of the Dungeon)
 P - an uncursed ring of protection from fire
   (You found it on level 5 of the Lair of Beasts)
Wands
 c - a wand of disintegration (32)
   (You found it on level 3 of the Dungeon)
 d - a wand of iceblast (49)
   (You found it on level 8 of the Dungeon)
 j - a wand of polymorph (8)
   (You found it on level 5 of the Dungeon)
 u - a wand of paralysis (9)
   (You found it on level 11 of the Dungeon)
 v - a wand of digging (7)
   (You found it on level 11 of the Dungeon)
 x - a wand of acid (12)
   (You found it on level 10 of the Dungeon)
Scrolls
 b - 2 scrolls of blinking
 k - 6 scrolls of immolation {!r}
 m - 4 scrolls of enchant weapon
 n - 5 scrolls of identify {@r1}
 p - 4 scrolls of fear
 s - 5 scrolls of teleportation {@r4}
 w - a scroll of silence
 y - a scroll of magic mapping
 E - 3 scrolls of remove curse {@r2}
 M - a scroll of summoning
 O - a scroll of fog
Potions
 a - 2 potions of might
 f - 4 potions of curing {@q1}
 h - 5 potions of heal wounds {@q2}
 l - 4 potions of attraction {!q}
 o - 2 potions of resistance
 q - a potion of invisibility
 r - 2 potions of magic
 B - a potion of haste {@q3}
 D - 3 potions of mutation {!q}
 G - a potion of ambrosia
 J - 2 potions of flight
 K - a potion of cancellation
Miscellaneous
 H - a tin of tremorstones (2/2)
   (You found it on level 10 of the Dungeon)


   Skills:
 + Level 12.6 Fighting
 + Level 11.0 Dodging
 - Level 1.7 Stealth
 + Level 11.0 Spellcasting
 + Level 11.7 Conjurations
 + Level 14.0 Fire Magic


You had 22 spell levels left.
You knew the following spells:

 Your Spells              Type           Power        Failure   Level
a - Foxfire               Conj/Fire      ####         1%          1
b - Inner Flame           Hex/Fire       #####...     1%          3
q - Sticky Flame          Conj/Fire      ######..     1%          4
x - Fireball              Conj/Fire      ######....   1%          5

Your spell library contained the following spells:

 Spells                   Type           Power        Failure   Level
 Conjure Flame            Conj/Fire      ######..     1%          3
 Corona                   Hex            ##.....      4%          1
 Freeze                   Ice            ##..         4%          1
 Hailstorm                Conj/Ice       #####...     4%          4
 Slow                     Hex            ##......     7%          2
 Frozen Ramparts          Ice            ##....       14%         3
 Ozocubu's Armour         Ice            ##......     14%         3
 Portal Projectile        Hex/Tloc       ##....       14%         3
 Cause Fear               Hex            ##........   43%         4
 Ice Form                 Ice/Tmut       ##......     43%         4
 Leda's Liquefaction      Hex/Erth       ##........   43%         4
 Summon Ice Beast         Ice/Summ       ##......     43%         4
 Metabolic Englaciation   Hex/Ice        ##........   78%         5
 Freezing Cloud           Conj/Ice/Air   ####......   82%         6
 Ozocubu's Refrigeration  Ice            ##........   100%        6
 Simulacrum               Ice/Necr       ##........   100%        6


Dungeon Overview and Level Annotations

Branches:
Dungeon (11/15)            Temple (1/1) D:6            Lair (6/6) D:11
  Swamp (0/4) Lair:3       Spider (0/4) Lair:2        Slime (0/5) Lair:6
  IceCv (visited)
    Orc: D:9-12

Altars:
Ashenzari
Cheibriados
Dithmenos
Elyvilon
Fedhas
Gozag
Hepliaklqana
Kikubaaqudgha
Makhleb
Nemelex Xobeh
Okawaru
Qazlal
Ru
Sif Muna
Trog
Uskayaw
Vehumet
Wu Jian
Xom
Yredelemnul
Zin
The Shining One

Shops:
D:6 *   D:10 =


Innate Abilities, Weirdness & Mutations

You can breathe blasts of fire.
Your fiery red scales are hard. (AC +8)
You cannot fit into any form of body armour.
Your flesh is heat resistant. (rF+)
You are cold-blooded and may be slowed by cold attacks.


Message History

Aim: a dire elephant (lightly wounded)
The fireball explodes!
The fireball engulfs the dire elephant!!
Aim: a dire elephant (moderately wounded)
The fireball explodes!
The fireball engulfs the dire elephant but does no damage.
Okay, then.
Unknown command.
Aim: a dire elephant (moderately wounded)
You breathe a blast of fire.
The fiery breath hits the dire elephant!
The dire elephant is engulfed in blazing flames.
You hit the dire elephant.
The dire elephant is poisoned.
The dire elephant tramples you!
* * * LOW HITPOINT WARNING * * *
You stumble backwards!
Unknown command.
You hit the dire elephant.
The dire elephant looks as sick as possible!
The dire elephant tramples you but does no damage.
The dire elephant trunk-slaps you.
* * * LOW HITPOINT WARNING * * *
Aim: a dire elephant (heavily wounded, very poisoned)
The sticky flame hits the dire elephant.
The dire elephant is covered in liquid flames!
The dire elephant burns!
The dire elephant closely misses you.
The dire elephant trunk-slaps you but does no damage.
Unknown command.
The dire elephant burns!
The dire elephant burns!
The dire elephant burns!
The dire elephant stops burning.
You hit the dire elephant but do no damage.
The dire elephant tramples you!
* * * LOW HITPOINT WARNING * * *
You stumble backwards!
Unknown command.
You have got your breath back.
You hit the dire elephant.
You tail-slap the dire elephant, but do no damage.
The dire elephant misses you. The dire elephant trunk-slaps you.
* * * LOW HITPOINT WARNING * * *
The dire elephant tramples you!!
* * * LOW HITPOINT WARNING * * *
You stumble backwards!
Aim: a dire elephant (almost dead, poisoned)
The sticky flame hits the dire elephant.
The dire elephant is covered in liquid flames!
The dire elephant burns!
The dire elephant tramples you!!
You die...
Your body crumbles into a pile of gold.

##...........................
#................###...##....
###...............##...###...
##...)...........#....##....
#...........................
##..........................
#..........................
#P.........................
#.........@Y...............
##.........................
####.....#.##.#.####........
#P#....#.####..#####........ #
####......##########.#.........
###...#...###
#.#.##.#........... P........##
#..............##.. ..........#
##...#.#......#.###.
......###.# #.....####.######
##


You could see a dire elephant (burning, poisoned).

Vanquished Creatures
  4 dire elephants (Lair:6)
  8 hydras
  2 boulder beetles
  An anaconda (Lair:6)
  9 death yaks
  2 bog bodies (Lair:3)
  2 ugly things (D:11)
  A necromancer (IceCv)
  A deep elf mage (D:10)
  A cyclops (D:11)
  Joseph (D:9)
  16 elephants
  A water nymph (Lair:3)
  An ice statue (IceCv)
  4 black mambas (Lair:6)
  2 gargoyles
  15 cane toads
  8 komodo dragons
  Maggie (D:6)
  A rime drake (Lair:5)
  10 freezing wraiths (IceCv)
  2 jumping spiders
  2 polar bears
  Prince Ribbit (D:8)
  10 blink frogs
  10 dream sheep
  Eustachio (D:6)
  50 yaks
  A steam dragon (Lair:4)
  3 basilisks
  4 wyverns
  A death yak simulacrum (IceCv)
  Grum (D:8)
  3 swamp worms (Lair:3)
  A warg (D:9)
  An acid dragon (D:11)
  16 water moccasins
  3 necrophages
  2 orc warriors (D:11)
  2 phantoms
  3 sky beasts
  8 ice beasts
  4 black bears
  5 ogres
  An alligator simulacrum (IceCv)
  12 centaurs
  21 wolves
  22 bullfrogs
  2 scorpions
  A water moccasin skeleton (D:7)
  3 howler monkeys
  11 killer bees
  4 wights (D:10)
  An electric eel (Lair:3)
  A quasit (D:10)
  A bullfrog zombie (D:8)
  3 draconian simulacra (IceCv)
  Crazy Yiuf (D:6)
  3 orc priests
  A centaur skeleton (D:8)
  6 hounds
  4 jellies
  7 orc wizards
  6 hell rats
  Natasha (D:2)
  7 worker ants
  5 troll simulacra (IceCv)
  A spriggan simulacrum (IceCv)
  2 wolf simulacra (IceCv)
  A centaur simulacrum (IceCv)
  A hound zombie (D:5)
  A hound skeleton (D:6)
  2 worker ant zombies
  9 adders
  2 howler monkey skeletons
  5 naga simulacra (IceCv)
  5 ogre simulacra (IceCv)
  2 shadow imps
  17 white imps
  3 ufetubi
  2 oozes
  An adder skeleton (D:4)
  2 worms
  2 dart slugs (D:2)
  2 leopard geckos
  26 orcs
  6 giant cockroaches
  4 goblins
  12 hobgoblins
  4 jackals
  5 quokkas
  5 ball pythons
  7 bats
  3 frilled lizards
  8 kobolds
  A quokka zombie (D:5)
  7 rats
  A butterfly (D:4)
498 creatures vanquished.

Vanquished Creatures (others)
  An orc (D:11)
  412 foxfires
  59 fungi
  109 plants
581 creatures vanquished.

Grand Total: 1079 creatures vanquished

Notes
Turn   | Place    | Note
-------+----------+-------------------------------------------
     0 | D:1      | MalarOregon the Draconian Fire Elementalist began the quest
                  | for the Orb.
     0 | D:1      | Reached XP level 1. HP: 14/14 MP: 3/3
   207 | D:1      | Reached XP level 2. HP: 18/22 MP: 0/5
   685 | D:1      | Reached skill level 1 in Fighting
  1403 | D:2      | Reached XP level 3. HP: 25/28 MP: 1/6
  2204 | D:2      | Noticed Natasha
  2210 | D:2      | Killed Natasha
  2210 | D:2      | Reached XP level 4. HP: 29/36 MP: 3/7
  2455 | D:2      | Found a sacrificial altar of Ru.
  2642 | D:3      | Reached XP level 5. HP: 37/41 MP: 4/9
  3309 | D:3      | Found a broken altar of Ashenzari.
  3385 | D:3      | Found a shimmering blue altar of Sif Muna.
  3523 | D:3      | Learned a level 4 spell: Sticky Flame
  3527 | D:3      | Learned a level 3 spell: Inner Flame
  3549 | D:4      | Found a blossoming altar of Fedhas.
  3551 | D:4      | Found a stormy altar of Qazlal.
  3679 | D:4      | Found a shimmering altar of Xom.
  4060 | D:4      | Reached skill level 4 in Fire Magic
  4093 | D:4      | Noticed an ogre
  4104 | D:4      | Killed an ogre
  4104 | D:4      | Reached XP level 6. HP: 48/50 MP: 6/10
  4214 | D:5      | Entered Level 5 of the Dungeon
  4732 | D:5      | Noticed an ice beast
  4737 | D:5      | Killed an ice beast
  4737 | D:5      | Your scales start taking on a fiery red colour.
  4737 | D:5      | Reached skill level 5 in Fire Magic
  4737 | D:5      | Reached XP level 7. HP: 57/57 MP: 7/12
  4737 | D:5      | Gained mutation: Your flesh is heat resistant. (rF+) [Red
                  | Draconian growth]
  5334 | D:5      | Found a burning altar of Makhleb.
  5347 | D:5      | Found a sparkling altar of Nemelex Xobeh.
  5354 | D:5      | Found a burning altar of Makhleb.
  5364 | D:5      | Noticed a blizzard demon
  5368 | D:5      | Noticed an orange demon
  5368 | D:5      | Noticed a smoke demon
  5924 | D:6      | Found a staircase to the Ecumenical Temple.
  5932 | Temple   | Entered the Ecumenical Temple
  6024 | Temple   | Became a worshipper of Gozag Ym Sagoz the Greedy
  6059 | D:6      | Reached skill level 6 in Fire Magic
  6145 | D:6      | Reached XP level 8. HP: 59/66 MP: 11/14
  6485 | D:6      | Got a shimmering trident
  6564 | D:6      | Noticed Eustachio
  6574 | D:6      | Killed Eustachio
  6752 | D:6      | Found Zongot's General Store.
  6757 | D:6      | Bought a scroll of teleportation for 30 gold pieces
  6757 | D:6      | Bought a scroll of enchant armour for 75 gold pieces
  6757 | D:6      | Bought a scroll of remove curse for 30 gold pieces
  6757 | D:6      | Bought a potion of heal wounds for 50 gold pieces
  6757 | D:6      | Bought a scroll of identify for 20 gold pieces
  6757 | D:6      | Bought a scroll of teleportation for 30 gold pieces
  6757 | D:6      | Bought a potion of attraction for 30 gold pieces
  6785 | D:6      | Noticed Maggie
  6793 | D:6      | Killed Maggie
  6793 | D:6      | Reached skill level 5 in Fighting
  6932 | D:6      | Found a runed translucent door.
  6933 | D:6      | Noticed Crazy Yiuf
  7091 | D:6      | Reached skill level 7 in Fire Magic
  7255 | D:6      | Killed Crazy Yiuf
  7383 | D:6      | Bought a scroll of random uselessness for 10 gold pieces
  7383 | D:6      | Bought a scroll of fear for 35 gold pieces
  7417 | D:6      | Identified the +1 trident "Botobae" {venom, +Blink MP+9
                  | Int+4 Dex+2} (You found it on level 6 of the Dungeon)
  7640 | D:7      | Reached skill level 5 in Spellcasting
  7640 | D:7      | Reached skill level 5 in Conjurations
  7688 | D:7      | Reached skill level 5 in Dodging
  7822 | D:6      | Bought 17 poisoned darts for 68 gold pieces
  8112 | D:7      | Reached XP level 9. HP: 62/74 MP: 16/16
  8543 | D:7      | Learned a level 5 spell: Fireball
  8765 | D:8      | Found a bloodstained altar of Trog.
  8857 | D:8      | Noticed Maurice
  8858 | D:8      | Noticed Maurice
  8858 | D:8      | Maurice changed into Maurice the sky beast
  8863 | D:8      | Killed Maurice the sky beast
  8953 | D:8      | Noticed Prince Ribbit
  8957 | D:8      | Killed Prince Ribbit
  9198 | D:8      | Noticed Grum
  9211 | D:8      | Reached skill level 8 in Fire Magic
  9217 | D:8      | Killed Grum
  9693 | D:8      | Found a sparkling altar of Nemelex Xobeh.
 10049 | D:9      | Noticed Psyche
 10050 | D:9      | Noticed Psyche
 10050 | D:9      | Psyche changed into Psyche the warg
 10063 | D:9      | Killed Psyche the warg
 10073 | D:9      | Noticed Joseph
 10288 | D:9      | Killed Joseph
 10288 | D:9      | Reached XP level 10. HP: 18/86 MP: 0/19
 11182 | D:9      | Found a sparkling altar of Nemelex Xobeh.
 11334 | D:9      | Reached skill level 9 in Fire Magic
 11412 | D:10     | Entered Level 10 of the Dungeon
 11510 | D:10     | Noticed a gargoyle
 11517 | D:10     | Killed a gargoyle
 12093 | D:10     | Noticed a deep elf mage
 12096 | D:10     | Killed a deep elf mage
 12492 | D:10     | Found Jukemn's Jewellery Shop.
 12781 | D:11     | Found a stormy altar of Qazlal.
 13225 | D:11     | Found a staircase to the Lair.
 13585 | D:11     | Reached XP level 11. HP: 48/94 MP: 19/21
 13842 | D:11     | Noticed a green ugly thing
 13843 | D:11     | Noticed a green ugly thing
 13852 | D:11     | Killed a green ugly thing
 13854 | D:11     | Killed a green ugly thing
 13854 | D:11     | Reached skill level 10 in Fire Magic
 15268 | Lair:1   | Entered Level 1 of the Lair of Beasts
 15485 | Lair:1   | Found a frozen archway.
 15519 | IceCv    | Entered an ice cave
 16224 | IceCv    | Found an ancient bone altar of Kikubaaqudgha.
 16231 | IceCv    | Reached skill level 11 in Fire Magic
 16655 | IceCv    | Noticed a necromancer
 16659 | IceCv    | Killed a necromancer
 16659 | IceCv    | Reached XP level 12. HP: 105/105 MP: 1/24
 18372 | Lair:2   | Reached skill level 10 in Fighting
 18755 | Lair:2   | Found a hole to the Spider Nest.
 19679 | Lair:3   | Noticed Sonja
 19684 | Lair:3   | Noticed Sonja
 19684 | Lair:3   | Sonja changed into Sonja the water nymph
 19687 | Lair:3   | Killed Sonja the water nymph
 20179 | Lair:3   | Noticed a six-headed hydra
 20186 | Lair:3   | Killed a six-headed hydra
 20363 | Lair:3   | HP: 1/107 [swamp worm (16)]
 20370 | Lair:3   | Found a staircase to the Swamp.
 21195 | Lair:4   | Reached skill level 12 in Fire Magic
 21381 | Lair:4   | Noticed a six-headed hydra
 21389 | Lair:4   | Killed a six-headed hydra
 21576 | Lair:4   | Reached skill level 10 in Conjurations
 21609 | Lair:4   | Reached XP level 13. HP: 47/115 MP: 8/26
 24285 | Lair:4   | Reached skill level 10 in Spellcasting
 24651 | Lair:5   | Reached skill level 10 in Dodging
 25421 | Lair:5   | Reached skill level 13 in Fire Magic
 26684 | Lair:6   | Entered Level 6 of the Lair of Beasts
 27334 | Lair:6   | Reached XP level 14. HP: 111/125 MP: 2/28
 29316 | Lair:6   | Found a staircase to the Slime Pits.
 29698 | Lair:6   | Got a translucent great sword
 30690 | Lair:6   | Reached skill level 14 in Fire Magic
 30805 | Lair:6   | Slain by a dire elephant

Illustrated notes

Levels and vault maps discovered:
D:1:      ebering_trefoil_3fold, layout_basic
D:2:      layout_basic, nicolae_ru_great_annihilating_truth, uniq_natasha
D:3:      layout_rooms, ashenzari_conservatory_becter, led_sif_pool
D:4:      layout_loops_cross, grunt_temple_overflow_forces_of_nature,
          xom_butterflies
D:5:      layout_loops_corners, nemelex_xobeh_ov_fountains_minmay,
          makhleb_altar_promises_db, basic_altar, minmay_between
D:6:      layout_loops_ring, minmay_temple_entry_trees, serial_shops,
          shop_statue, patterned_corridor, uniq_eustachio,
          uniq_crazy_yiuf_cottage, uniq_maggie
D:7:      layout_basic, serial_glass, glass_columns_b, glass_columns_b,
          feat_on_display, minmay_strange_pillars, item_on_display_a,
          minmay_strange_pillars
D:8:      layout_loops_cross, kennysheep_little_box, minmay_misc_feat_iff,
          nemelex_diamond_rough_becter, uniq_maurice, uniq_grum,
          uniq_prince_ribbit1
D:9:      layout_gridville, basic_altar, uniq_psyche, uniq_joseph
D:10:     layout_irregular_city, serial_shops, shop_statue, grunt_ogre_cave
D:11:     layout_long_grid, grunt_lair_entry_orc_guard_hut, grunt_qazlal_clouds
Temple:   zaba_magenta_temple
Lair:1:   layout_cave_pods, serial_forest, infiniplex_forest_diagonal,
          infiniplex_forest_pool, infiniplex_forest_clump_cross,
          infiniplex_forest_end_3, infiniplex_forest_clump_large,
          infiniplex_forest_lined_corner, infiniplex_forest_fountain,
          infiniplex_forest_end_3, portal_ice_cave_entry_pillars_2
Lair:2:   layout_regular_city, spider_nest_entry_a
Lair:3:   layout_regular_city, nicolae_swamp_entry_splash_gauntlet,
          chequers_serial_rivers_micro_e, uniq_sonja
Lair:4:   layout_loops_ring, grunt_megastairs_1
Lair:5:   layout_cave_pods, grunt_megastairs_5
Lair:6:   due_jungle_book, layout_layer_cave, minmay_slime_entry_pillars

Skill      XL: |  1  2  3  4  5  6  7  8  9 10 11 12 13 14 |
---------------+-------------------------------------------+-----
Dodging        | 2 3 4 5 6 7 8 9 10 11 | 11.0
Fighting       | 1 2 3 4 5 7 8 9 10 11 12 | 12.6
Conjurations   | 2 3 4 5 6 7 8 10 11 | 11.7
Spellcasting   | 3 4 5 6 7 8 9 10 11 | 11.0
Fire Magic     | 4 5 6 7 8 9 11 12 13 14 | 14.0
Stealth        | |  1.7

Action                   |  1- 3 |  4- 6 |  7- 9 | 10-12 | 13-15 || total
-------------------------+-------+-------+-------+-------+-------++-------
Melee: Unarmed           |    48 |       |       |       |       ||    48
       Dagger            |    27 |    32 |       |       |       ||    59
       Tailslap          |     6 |     4 |    24 |    18 |    45 ||    97
       Long sword        |       |    23 |       |       |       ||    23
       Whip              |       |     2 |    47 |       |       ||    49
       Trident           |       |       |    88 |   166 |   243 ||   497
       Falchion          |       |       |    16 |       |       ||    16
 Cast: Foxfire           |    55 |   106 |    84 |     9 |     5 ||   259
       Sticky Flame      |       |       |    31 |    40 |    92 ||   163
       Fireball          |       |       |    19 |   205 |   130 ||   354
       Inner Flame       |       |       |       |     4 |     1 ||     5
 Abil: Breathe Fire      |       |       |     4 |    12 |    22 ||    38
Evoke: Wand              |       |       |     2 |     5 |       ||     7
       Tin of tremorston |       |       |       |       |     1 ||     1
  Use: Scroll            |       |     8 |     9 |     9 |     5 ||    31
       Potion            |       |       |     1 |     2 |     1 ||     4
 Stab: Sleeping          |       |     1 |     1 |       |     1 ||     3
       Distracted        |       |       |     1 |     1 |     2 ||     4
Armor: Skin              |    34 |    27 |    75 |    68 |   124 ||   328
Dodge: Dodged            |    57 |    60 |   182 |   214 |   431 ||   944
       Rpst.: Long sword |       |     6 |       |       |       ||     6
       Falchion          |       |       |     8 |       |       ||     8

Table legend: (Time is in decaauts)
 A = Elapsed time spent in this place.
 B = Non-inter-level travel time spent in this place.
 C = Inter-level travel time spent in this place.
 D = Time resting spent in this place.
 E = Time spent auto-exploring this place.
 F = Levels seen in this place.
 G = Mean time per level.
                   A        B        C        D        E       F      G
               +--------+--------+--------+--------+--------+-----+--------+
         Total |  31053 |  30073 |    980 |   8286 |  17814 |  19 | 1634.4 |
       Dungeon |  15232 |  14613 |    619 |   2671 |   9992 |  11 | 1384.7 |
        Temple |    109 |     59 |     50 |      0 |     57 |   1 |  109.0 |
          Lair |  14070 |  13759 |    311 |   4926 |   7125 |   6 | 2345.0 |
      Ice Cave |   1642 |   1642 |      0 |    688 |    640 |   1 | 1642.0 |
               +--------+--------+--------+--------+--------+-----+--------+

Top non-repeatable levels by time:
  Lair:4: 3769 daAuts
  Lair:6: 3061 daAuts
  Lair:5: 2880 daAuts
    D:11: 2103 daAuts
     D:8: 1803 daAuts
    D:10: 1774 daAuts
  Lair:3: 1664 daAuts
     D:6: 1654 daAuts
   IceCv: 1642 daAuts
     D:5: 1543 daAuts
  Lair:2: 1414 daAuts
     D:2: 1353 daAuts
  Lair:1: 1279 daAuts
     D:1: 1279 daAuts
     D:9: 1089 daAuts
